 Dungeon Crawl Stone Soup version 0.30-a0-263-ge22c4ad894 (webtiles) character file.

Game seed: 1021331892511698908

33 sscrono2 the Sneak (level 3, 0/22 HPs)
             Began as an Octopode Enchanter on Oct 13, 2022.
             Slain by a gnoll
             ... wielding a +2 whip of venom
              (7 damage)
             ... on level 2 of the Dungeon.
             The game lasted 00:01:46 (677 turns).

sscrono2 the Sneak (Octopode Enchanter)              Turns: 677, Time: 00:01:46

Health: 0/22       AC:  1    Str:  7    XL:     3   Next: 29%
Magic:  0/6        EV: 13    Int: 19    God:
Gold:   107        SH:  0    Dex: 12    Spells: 4/6 levels left

rFire   . . .      SeeInvis .    a - +1 dagger
rCold   . . .      Faith    .    (no shield)
rNeg    . . .      Spirit   .    (helmet restricted)
rPois   .          Reflect  .    (no amulet)
rElec   .          Harm     .    (no ring)
rCorr   .          Rampage  .    (no ring)
Will    .....                    (no ring)
Stlth   +++.......               (no ring)
HPRegen 0.23/turn                (no ring)
MPRegen 0.10/turn                (no ring)
                                 (no ring)
                                 (no ring)

@: lethally poisoned (0 -> -16)
A: almost no armour, amphibious, 8 rings, camouflage 1, gelatinous body 1,
(nimble swimmer 1), tentacles
a: no special abilities


You were on level 2 of the Dungeon.
You visited 1 branch of the dungeon, and saw 2 of its levels.

You collected 107 gold pieces.

Inventory:

Hand Weapons
 a - a +1 dagger (weapon)
Scrolls
 c - a scroll of summoning {unknown}
 d - a scroll of fear {unknown}
 f - a scroll of identify {unknown}
 g - a scroll of teleportation {unknown}
 h - a scroll of enchant weapon {unknown}
 i - a scroll of noise {unknown}
 k - a scroll of blinking {unknown}
 l - a scroll of immolation {unknown}
Potions
 b - 2 potions of invisibility
 e - 2 potions of berserk rage {unknown}
 j - a potion of lignification {unknown}


   Skills:
 + Level 0.5 Fighting
 + Level 1.2 Short Blades
 + Level 2.2 Dodging
 + Level 4.3 Stealth
 * Level 1.1 Unarmed Combat
 + Level 2.1 Spellcasting
 + Level 3.1 Hexes
 + Level 0.4 Ice Magic


You had 4 spell levels left.
You knew the following spells:

 Your Spells              Type           Power      Damage    Failure   Level
a - Ensorcelled Hibernat  Hex/Ice        16%        N/A       12%         2

Your spell library contained the following spells:

 Spells                   Type           Power      Damage    Failure   Level
 Confusing Touch          Hex            14%        N/A       14%         3
 Tukima's Dance           Hex            14%        N/A       14%         3
 Magic Dart               Conj           8%         1d3       17%         1
 Searing Ray              Conj           4%         2d4       26%         2
 Dazzling Flash           Conj/Hex       16%        N/A       26%         3
 Fulminant Prism          Conj/Hex       4%         3d6       65%         4


Dungeon Overview and Level Annotations

Branches:
Dungeon (2/15)

Altars:


Innate Abilities, Weirdness & Mutations

You cannot wear most types of armour.
You are amphibious.
You can wear up to eight rings at the same time.
Your skin changes colour to match your surroundings (Stealth+).
Your rubbery body absorbs attacks. (AC +1, EV +1)
((You are camouflaged when in or above water. (Stealth+)))
You have tentacles for arms and can constrict up to eight enemies at once.


Message History

Confirm with . or Enter, or press ? or * to list all spells.
Aiming: Ensorcelled Hibernation (safe; 12% risk of failure)
Press: ? - help, Shift-Dir - straight line, f - gnoll
Aim: a gnoll, wielding a +0 halberd (chance to affect: 50%)
The gnoll resists with some effort.
Casting: Ensorcelled Hibernation (safe; 12% risk of failure)
Confirm with . or Enter, or press ? or * to list all spells.
Aiming: Ensorcelled Hibernation (safe; 12% risk of failure)
Press: ? - help, Shift-Dir - straight line, f/p - gnoll
Aim: a gnoll, wielding a +0 halberd (chance to affect: 50%)
The gnoll looks drowsy...
The helpless gnoll fails to defend itself.
You puncture the gnoll!
You kill the gnoll!
Casting: Ensorcelled Hibernation (safe; 12% risk of failure)
Confirm with . or Enter, or press ? or * to list all spells.
Aiming: Ensorcelled Hibernation (safe; 12% risk of failure)
Press: ? - help, Shift-Dir - straight line, f - gnoll
Aim: a gnoll, wielding a +2 whip of venom (chance to affect: 50%)
The gnoll resists with some effort.
The gnoll closely misses you.
Casting: Ensorcelled Hibernation (safe; 12% risk of failure)
Confirm with . or Enter, or press ? or * to list all spells.
You don't have enough magic to cast this spell.
You hit the gnoll but do no damage. Your grab misses the gnoll.
You squeeze the gnoll.
The gnoll is moderately wounded.
The gnoll misses you.
You hit the gnoll but do no damage. Your grab misses the gnoll.
The gnoll is moderately wounded.
You hit the gnoll. You grab the gnoll.
The gnoll is moderately wounded.
You constrict the gnoll.
The gnoll hits you with a +2 whip of venom!
Ouch! That really hurt!
You are lethally poisoned!
You hit the gnoll.
The gnoll is severely wounded.
You constrict the gnoll.
You feel very sick.
The gnoll hits you with a +2 whip of venom!
You die...

###
##########.#
#<.@g......#
##########.#
#.# #.# #.#
#.# # ### #.#
.# ... #g#
#.#
.####.##g#...


You could see a gnoll.

Vanquished Creatures
  2 gnolls
  A worm (D:2)
  A goblin (D:1)
  A hobgoblin (D:1)
  2 jackals (D:1)
  A ball python (D:1)
  3 frilled lizards
  2 kobolds
13 creatures vanquished.

Notes
Turn   | Place    | Note
-------+----------+-------------------------------------------
     0 | D:1      | sscrono2 the Octopode Enchanter began the quest for the
                  | Orb.
     0 | D:1      | Reached XP level 1. HP: 11/11 MP: 3/3
   450 | D:1      | Reached XP level 2. HP: 17/17 MP: 5/5
   459 | D:1      | Learned a level 2 spell: Ensorcelled Hibernation
   645 | D:1      | Reached skill level 1 in Unarmed Combat
   645 | D:1      | Reached XP level 3. HP: 17/22 MP: 6/6
   677 | D:2      | Slain by a gnoll

Illustrated notes

Levels and vault maps discovered:
D:1:      onia_arrival_pyramid, layout_loops_cross
D:2:      layout_basic, nrook_mini_vaults, roderic_roman_lattice,
          item_on_display_a

Skill      XL: |  1  2 |
---------------+-------+-----
Unarmed Combat | 1 |  1.1
Fighting       | |  0.5
Short Blades   | |  1.2
Dodging        | |  2.2
Stealth        | |  4.3
Spellcasting   | |  2.1
Hexes          | |  3.1
Ice Magic      | |  0.4

Action                   || total
-------------------------++-------
Melee: Dagger            ||    29
       Constrict         ||     6
       Tentacles         ||     7
 Cast: Ensorcelled Hiber ||     3
 Stab: Sleeping          ||     5
Dodge: Dodged            ||    14

Table legend: (Time is in decaauts)
 A = Elapsed time spent in this place.
 B = Non-inter-level travel time spent in this place.
 C = Inter-level travel time spent in this place.
 D = Time resting spent in this place.
 E = Time spent auto-exploring this place.
 F = Levels seen in this place.
 G = Mean time per level.
                   A        B        C        D        E       F      G
               +--------+--------+--------+--------+--------+-----+--------+
         Total |    676 |    656 |     20 |     21 |    515 |   2 |  338.0 |
       Dungeon |    676 |    656 |     20 |     21 |    515 |   2 |  338.0 |
               +--------+--------+--------+--------+--------+-----+--------+

Top non-repeatable levels by time:
     D:1: 614 daAuts
     D:2: 61 daAuts
